 Dungeon Crawl Stone Soup version 0.29-a0-375-g5102b3be25 (webtiles) character file.

Game seed: 16414608879773350684

22 purpskrrrp the Cudgeller (level 2, 0/24 HPs)
             Began as a Demonspawn Monk on May 4, 2022.
             Was an Initiate of Yredelemnul.
             Slain by an adder (2 damage)
             ... on level 2 of the Dungeon.
             The game lasted 00:04:44 (688 turns).

purpskrrrp the Cudgeller (Demonspawn Monk)           Turns: 688, Time: 00:04:46

Health: 0/24       AC:  2    Str: 17    XL:     2   Next: 68%
Magic:  2/2        EV: 13    Int: 11    God:    Yredelemnul [......]
Gold:   46         SH:  0    Dex: 15    Spells: 1/1 levels left

rFire   . . .      SeeInvis .   a - +0 mace
rCold   . . .      Faith    .   (no shield)
rNeg    . . .      Spirit   .   b - +0 robe
rPois   .          Reflect  .   (no helmet)
rElec   .          Harm     .   (no cloak)
rCorr   .          Rampage  .   (no gloves)
Will    .....                   (no boots)
Stlth   ++........              (no amulet)
HPRegen 0.08/turn               e - +6 ring of strength
MPRegen 0.08/turn               (no ring)

@: lethally poisoned (0 -> -5)
A: weakness stinger 1
a: Renounce Religion, Recall Undead Harvest


You were on level 2 of the Dungeon.
You worshipped Yredelemnul.
Yredelemnul was noncommittal.
You visited 1 branch of the dungeon, and saw 2 of its levels.

You collected 46 gold pieces.

Inventory:

Hand Weapons
 a - a +0 mace (weapon)
 d - a +0 falchion
Armour
 b - a +0 robe (worn)
Jewellery
 e - a +6 ring of strength (left hand)
 l - a ring of ice
Scrolls
 i - a scroll of amnesia {unknown}
 j - a scroll of poison {unknown}
 m - a scroll of silence {unknown}
Potions
 c - 2 potions of ambrosia
 f - a potion of might {unknown}
 g - a potion of flight {unknown}
 h - 2 potions of mutation {unknown}
 k - 2 potions of invisibility {unknown}


   Skills:
 + Level 3.2 Fighting
 + Level 3.2 Maces & Flails
 + Level 2.9 Dodging
 + Level 1.7 Stealth


You had one spell level left.
You didn't know any spells.
Your spell library contained the following spells:

 Spells                   Type           Power      Damage    Failure   Level
 Ozocubu's Armour         Ice            0%         N/A       71%         3
 Ozocubu's Refrigeration  Ice            0%         4d5       100%        7


Dungeon Overview and Level Annotations

Branches:
Dungeon (2/15)

Altars:
Yredelemnul


Innate Abilities, Weirdness & Mutations

You have a small tail.


Message History

The jackal is severely wounded.
The jackal closely misses you. The jackal barely misses you.
You thump the jackal!
You kill the jackal!
A black mist starts to gather...
The jackal bites your jackal zombie.
You swap places.
The jackal misses you. x2
You closely miss the jackal. The jackal completely misses you.
The jackal bites you.
You hit the jackal.
You kill the jackal!
There is an open door here.
You swap places.
The adder bites your jackal zombie.
Your jackal zombie completely misses the adder.
The adder bites your jackal zombie.
Your jackal zombie closely misses the adder.
The adder bites your jackal zombie.
Your jackal zombie is destroyed!
The adder misses you. The adder bites you but does no damage.
The adder barely misses you. The adder bites you. The adder closely misses you.
The adder bites you but does no damage. The adder bites you.
You are poisoned.
The adder poisons you!
You feel sick. The adder bites you.
You are lethally poisoned!
The adder poisons you!
* * * LOW HITPOINT WARNING * * *
You feel sick. The adder bites you.
* * * LOW HITPOINT WARNING * * *
* * * LOW HITPOINT WARNING * * *
You feel sick. The adder barely misses you. The adder closely misses you.
You hit the adder.
Your tail-slap misses the adder.
Your punch misses the adder.
The adder is heavily wounded.
* * * LOW HITPOINT WARNING * * *
You feel sick. The adder bites you.
You die...
Your body rises from the dead as a mindless zombie.

##########
#........#
#........#
#........#
#........##########
+........S@Z.......
#........#######...
#................#
#.S...###.........#
#..... #.........#
#...!. #.........#
#.[... #.........#
#.... #.......#.#
#..S #.......#.#


You could see an adder (ally target) and a friendly jackal zombie.

Vanquished Creatures
  4 ball pythons (D:1)
  2 endoplasms (D:1)
  4 jackals (D:2)
  2 kobolds (D:1)
  4 bats (D:1)
  4 frilled lizards (D:1)
  A rat (D:1)
21 creatures vanquished.

Vanquished Creatures (others)
  A jackal zombie (D:2)
1 creature vanquished.

Grand Total: 22 creatures vanquished

Notes
Turn   | Place    | Note
-------+----------+-------------------------------------------
     0 | D:1      | purpskrrrp the Demonspawn Monk began the quest for the Orb.
     0 | D:1      | Reached XP level 1. HP: 18/18 MP: 1/1
   135 | D:1      | Gained mutation: You have a small tail. [demonic ancestry]
   135 | D:1      | Reached XP level 2. HP: 24/24 MP: 2/2
   503 | D:1      | Found a faded altar of an unknown god.
   508 | D:1      | Prayed at the altar of an unknown god.
   508 | D:1      | Became a worshipper of Yredelemnul the Dark
   508 | D:1      | Reached * piety under Yredelemnul
   508 | D:1      | Reached ** piety under Yredelemnul
   688 | D:2      | Slain by an adder

Illustrated notes

Levels and vault maps discovered:
D:1:      eino_arrival_tree_alley, layout_basic, shapermc_ecumenical_altar_venn,
          minmay_misc_feat_encased
D:2:      layout_basic, serial_shops, shop_statue

Skill      XL: |  1  2 |
---------------+-------+-----
Maces & Flails | 3 |  3.2
Fighting       | |  3.2
Dodging        | |  2.9
Stealth        | |  1.7

Action                   || total
-------------------------++-------
Melee: Mace              ||    43
       Tailslap          ||     6
       Punch             ||     1
Armor: Robe              ||    14
Dodge: Dodged            ||    57

Table legend: (Time is in decaauts)
 A = Elapsed time spent in this place.
 B = Non-inter-level travel time spent in this place.
 C = Inter-level travel time spent in this place.
 D = Time resting spent in this place.
 E = Time spent auto-exploring this place.
 F = Levels seen in this place.
 G = Mean time per level.
                   A        B        C        D        E       F      G
               +--------+--------+--------+--------+--------+-----+--------+
         Total |    697 |    594 |    103 |      0 |    368 |   2 |  348.5 |
       Dungeon |    697 |    594 |    103 |      0 |    368 |   2 |  348.5 |
               +--------+--------+--------+--------+--------+-----+--------+

Top non-repeatable levels by time:
     D:1: 596 daAuts
     D:2: 101 daAuts
